 Dungeon Crawl Stone Soup version 0.19-a0-151-g039907c (webtiles) character file.

126452 wvc the Blocker (level 16, -11/131 HPs)
             Began as a Mummy Monk on May 19, 2016.
             Was the Champion of Okawaru.
             Blown up by an orb spider (35 damage)
             ... with a wavering orb of destruction
             ... on level 3 of the Spider Nest.
             The game lasted 01:08:59 (26925 turns).

wvc the Blocker (Mummy Monk)                       Turns: 26925, Time: 01:09:00

Health: -11/131    AC: 31    Str: 20    XL:     16   Next: 43%
Magic:  16/16      EV: 20    Int: 13    God:    Okawaru [******]
Gold:   1502       SH: 17    Dex: 18    Spells: 2 memorised, 11 levels left

rFire  + . .     SeeInvis .     B - +7 demon blade (venom)
rCold  + . .     Gourm    .     R - +6 fire dragon armour
rNeg   + + +     Faith    .     m - +0 shield
rPois  ∞         Spirit   .     i - +2 helmet
rElec  .         Dismiss  .     S - +1 cloak {rC+}
rCorr  .         Reflect  +     T - +0 pair of gloves {Str+3}
SustAt .         Harm     .     x - +2 pair of boots {Stlth+}
MR     ++...                    N - amulet of Lugonu's Generosity {Reflect Str+3 SH+3}
Stlth  +.........               u - +5 ring of protection
                                E - +4 ring of evasion

@: very resistant to hostile enchantments, very unstealthy
A: no food or potions, fire vulnerability, cold resistance 1, negative energy
resistance 3, torment resistance, unbreathing, in touch with death 1, restore
body
a: Self-Restoration, Heroism, Finesse, Renounce Religion


You were on level 3 of the Spider Nest.
You worshipped Okawaru.
Okawaru was exalted by your worship.
You were not hungry.

You visited 5 branches of the dungeon, and saw 28 of its levels.
You also visited: Labyrinth, Bailey, Ice Cave and Volcano.

You collected 2726 gold pieces.
You spent 1224 gold pieces at shops.

Inventory:

Hand Weapons
 a - the +8 autumn katana {slice, Clar}
   (You found it on level 4 of the Dungeon)

   It inflicts extra damage upon your enemies.
   It protects you against confusion.
 b - a +7 scimitar of flaming
 c - a +9 dagger of venom
 B - a +7 demon blade of venom (weapon)
Missiles
 g - 772 stones
 j - 5 poisoned javelins (quivered)
 H - 3 throwing nets
Armour
 i - a +2 helmet (worn)
 k - a +2 large shield of protection
 m - a +0 shield (worn)
 q - a +0 large shield of cold resistance
 x - a +2 pair of boots of stealth (worn)
 I - a +4 troll leather armour
 R - a +6 fire dragon armour (worn)
 S - a +1 cloak of cold resistance (worn)
 T - a +0 pair of gloves of strength (worn)
 V - the +0 pair of gloves "Segoes" {rElec rPois Int-2}
   (Okawaru gifted it to you on level 13 of the Dungeon)

   It affects your intelligence (-2).
   It insulates you from electricity.
   It protects you from poison.
Jewellery
 l - an uncursed amulet of regeneration
 u - a +5 ring of protection (right hand)
 E - a +4 ring of evasion (left hand)
 K - an uncursed ring of see invisible
 N - the amulet of Lugonu's Generosity (around neck) {Reflect Str+3 SH+3}
   (You found it in a labyrinth)

   [amulet of reflection]

   It shields you and reflects attacks.
   It affects your strength (+3).
   It affects your SH (+3).
 Q - an uncursed ring of sustain attributes
 W - a ring of the Octopus King {rF+ AC+1 EV+1 Str+1 Int+1 Dex+1}
   (You bought it in a shop on level 14 of the Dungeon)

   [ring of protection from fire]

   It affects your AC (+1).
   It affects your evasion (+1).
   It affects your strength (+1).
   It affects your intelligence (+1).
   It affects your dexterity (+1).
   It protects you from fire.
Wands
 f - a wand of confusion (23/48)
 t - a wand of lightning (9/15)
 y - a wand of heal wounds (4/9)
 G - a wand of hasting (2/9)
 J - a wand of disintegration (12/24)
 O - a wand of teleportation (5/9)
 P - a wand of digging (9/24)
 U - a wand of teleportation (3/9)
 Z - a wand of iceblast (8/15)
Scrolls
 d - a scroll of teleportation
 e - 7 scrolls of identify
 h - 3 scrolls of remove curse
 p - 3 scrolls of amnesia
 r - 6 scrolls of blinking
 s - a scroll of fear
 w - 3 scrolls of magic mapping
 C - a scroll of summoning
 D - 2 scrolls of silence
 F - 3 scrolls of immolation
 X - 2 scrolls of fog
Miscellaneous
 n - a fan of gales
 z - a plain deck of summoning {the Crusade}


   Skills:
 + Level 13.5 Fighting
 - Level 5.1(9.1) Short Blades
 - Level 11.5(12.0) Long Blades
 + Level 7.3 Armour
 + Level 10.4 Dodging
 - Level 1.5 Stealth
 * Level 14.2 Shields
 - Level 3.3 Unarmed Combat


You had 11 spell levels left.
You knew the following spells:

 Your Spells              Type           Power        Failure   Level  Hunger
a - Blink                 Tloc           N/A          98%         2    N/A
b - Repel Missiles        Chrm/Air       #.....       98%         2    N/A

Dungeon Overview and Level Annotations

Branches:
Dungeon (14/15)            Temple (1/1) D:5            Lair (8/8) D:11
 Shoals (0/4) Lair:6       Spider (3/4) Lair:5        Slime (0/6) Lair:8
    Orc (2/2) D:10            Elf (0/3) Orc:2
 Vaults: D:13-14

Altars:
Ashenzari
Cheibriados
Dithmenos
Elyvilon
Fedhas
Gozag
Kikubaaqudgha
Makhleb
Nemelex Xobeh
Okawaru
Pakellas
Qazlal
Ru
Sif Muna
Trog
Vehumet
Xom
Yredelemnul
Zin
The Shining One

Shops:
D:4 :?::   D:7 [   D:9 *[}*=   D:14 =   Orc:2 (!*[

Portals:
Hell: Lair:8

Annotations:
D:12 Duffy's ghost, journeyman VSFi


Innate Abilities, Weirdness & Mutations

You do not eat or drink.
Your flesh is vulnerable to fire.
You are immune to poison.
Your flesh is cold resistant.
You are immune to negative energy.
You are immune to unholy pain and torment.
You can survive without breathing.
You are in touch with the powers of death.
You can restore your body by infusing magical energy.


Message History

You hit the orb spider.
The orb spider is poisoned.
The orb spider is lightly wounded.
The jumping spider leaps!
The jumping spider leaps!
The orb spider weaves a glowing orb of energy.
The jumping spider leaps!
The orb spider weaves a glowing orb of energy. 2 orbs of destruction come into view.
The orb spider pulsates with a strange energy.
The orb of destruction hits you!
The orb spider pulsates with a strange energy.
The orb spider weaves a glowing orb of energy.
An orb of destruction comes into view.
The orb of destruction hits you!
* * * LOW HITPOINT WARNING * * *
The orb spider weaves a glowing orb of energy.
An orb of destruction comes into view.
The orb spider looks more healthy.
The wavering orb of destruction hits you!
You die...

..#≈≈. ..#...
#..>.... #..#....##
........≈##
..#...>..≈# ## #
#......s[##≈#
..#.....#§@#..###
......s*.......≈#
#.........§.....#
.......#§§...#..#
#......s.##s#...#
.#...#sss§..^..#.#
.........s....%.#..
.......^.#.........
.^#.........^#....


You could see 5 orb spiders and 2 jumping spiders.

Vanquished Creatures
  Maud (Lair:8)
  A ghost moth (Spider:2)
  An orc warlord (Orc:2)
  A dire elephant (Lair:8)
  The ghost of Kidiri the Arsonist, a journeyman HEFE of Vehumet (Spider:1)
  A white draconian (IceCv)
  A spark wasp (Spider:2)
  A minotaur (Lab)
  Snorg (D:12)
  3 entropy weavers (Spider:1)
  6 hydras
  An ice dragon (Lair:8)
  A centaur warrior (D:14)
  7 death yaks
  A queen ant (Lair:4)
  The ghost of Duffy the Thaumaturge, a journeyman DECj of Sif Muna (Bailey)
  An orc high priest (Orc:1)
  2 tengu warriors (D:13)
  A sun demon (Lair:8)
  4 skeletal warriors (D:11)
  A wizard (Lair:8)
  An unseen horror (D:11)
  A lindwurm (Lair:8)
  10 hill giants
  A deep elf mage (D:12)
  8 wolf spiders
  5 orc knights
  7 ugly things
  4 griffons
  4 orb spiders
  3 orc sorcerers
  2 hornets
  3 cyclopes
  17 elephants (Lair:8)
  A moth of wrath (Spider:1)
  2 centaur zombies
  Psyche (D:12)
  19 spiny frogs
  7 black mambas
  A smoke demon (Lair:8)
  An ice statue (IceCv)
  A gargoyle (D:13)
  The ghost of Stick the Firebug, a novice DsFE (D:6)
  An orange demon (Lair:8)
  2 torpor snails
  8 komodo dragons
  A spiny frog (shapeshifter) (D:13)
  5 ice devils (Lair:8)
  3 kobold demonologists (D:14)
  2 rime drakes
  7 demonic crawlers
  A hellwing (Lair:8)
  16 jumping spiders
  20 polar bears
  2 red devils (Lair:8)
  3 trolls
  2 two-headed ogres
  Prince Ribbit (D:8)
  6 slime creatures
  8 blink frogs
  A boulder beetle (Lair:6)
  2 flying skulls (Volcano)
  A snapping turtle (Lair:6)
  40 redbacks
  A water elemental (D:11)
  57 yaks
  A wraith (D:10)
  Grum (D:8)
  19 tarantellas
  3 vampires (Volcano)
  A basilisk (Lair:5)
  4 fire bats (D:12)
  2 wyverns (D:11)
  A steam dragon (D:11)
  Menkaure (D:7)
  5 hippogriffs
  2 wargs
  A mottled dragon (Lair:6)
  7 porcupines
  2 hell hounds
  21 soldier ants
  21 water moccasins
  Duvessa (D:7)
  40 orc warriors
  4 ice beasts
  A black bear (D:7)
  3 sky beasts
  14 ogres
  2 phantoms
  2 necrophages
  21 wolves
  13 crocodiles
  21 centaurs
  2 big kobolds (D:14)
  14 giant frogs
  Dowan (D:7)
  5 scorpions
  10 killer bees
  A vampire bat (Lair:8)
  9 wights
  8 howler monkeys
  4 electric eels
  2 lava snakes (D:12)
  3 crimson imps
  6 hounds
  A giant frog skeleton (D:7)
  2 giant frog zombies
  8 jellies
  14 orc priests
  Crazy Yiuf (D:3)
  6 iguanas
  16 orc wizards
  27 worker ants
  5 sheep
  A killer bee zombie (D:5)
  A hound skeleton (D:5)
  Robin (D:2)
  18 adders
  53 river rats
  8 shadow imps
  An adder zombie (D:5)
  2 adder skeletons
  5 worms
  3 dart slugs (D:2)
  3 giant geckos
  90 orcs
  21 bats
  5 giant cockroaches
  2 gnoll zombies (D:9)
  18 goblins
  11 hobgoblins
  23 jackals
  10 kobolds
  5 quokkas
  2 giant newts
  A jackal skeleton (D:6)
  A quokka zombie (D:8)
  8 rats
  3 fire vortices (D:12)
983 creatures vanquished.

Vanquished Creatures (others)
  Nessos (D:12)
  A yaktaur (D:14)
  2 orc warriors
  An orc (Orc:2)
  15 fungi
  11 plants
31 creatures vanquished.

Grand Total: 1014 creatures vanquished

Notes
Turn   | Place    | Note
--------------------------------------------------------------
     0 | D:1      | wvc the Mummy Monk began the quest for the Orb.
     0 | D:1      | Reached XP level 1. HP: 18/18 MP: 1/1
   289 | D:1      | Reached XP level 2. HP: 17/24 MP: 2/2
   531 | D:1      | Reached skill level 1 in Short Blades
   794 | D:2      | Reached XP level 3. HP: 29/29 MP: 3/3
   859 | D:2      | Reached skill level 1 in Armour
   999 | D:2      | Noticed Robin
  1009 | D:2      | Killed Robin
  1009 | D:2      | Reached XP level 4. HP: 32/35 MP: 4/4
  1575 | D:3      | Reached XP level 5. HP: 41/41 MP: 5/5
  2372 | D:3      | Noticed Crazy Yiuf
  2386 | D:3      | Killed Crazy Yiuf
  2555 | D:4      | Found a radiant altar of Vehumet.
  2605 | D:4      | Found Besezaref's Magic Scroll Boutique.
  2617 | D:4      | Noticed an ogre
  2631 | D:4      | Killed an ogre
  2631 | D:4      | Reached XP level 6. HP: 34/47 MP: 6/6
  2638 | D:4      | Bought a scroll of blinking for 75 gold pieces
  2638 | D:4      | Bought a scroll of enchant weapon for 75 gold pieces
  3072 | D:4      | Found Yquci's Book Emporium.
  3124 | D:4      | Reached skill level 5 in Short Blades
  3261 | D:4      | Found Ozaivios's Book Shoppe.
  3557 | D:4      | Found Ihoil's Book Shop.
  3802 | D:4      | Reached XP level 7. HP: 52/52 MP: 7/7
  4231 | D:5      | Entered Level 5 of the Dungeon
  4240 | D:4      | Reached skill level 1 in Long Blades
  4635 | D:5      | Found a staircase to the Ecumenical Temple.
  4644 | Temple   | Entered the Ecumenical Temple
  4888 | D:5      | Reached XP level 8. HP: 55/58 MP: 8/8
  5130 | D:6      | Reached skill level 5 in Long Blades
  5304 | D:6      | Noticed Stick's ghost (novice DsFE)
  5352 | D:6      | Found a deep blue altar of Sif Muna.
  5420 | D:6      | Got a transparent chain mail
  5421 | D:6      | Identified the cursed +1 chain mail of the Devil's Advocate {-Tele rPois rC+++ Int-2} (You found it on level 6 of the Dungeon)
  5475 | D:6      | Killed Stick's ghost
  6064 | D:7      | Noticed Menkaure
  6067 | D:7      | Killed Menkaure
  6067 | D:7      | Reached XP level 9. HP: 63/63 MP: 9/9
  6131 | D:7      | Found Saiderche's Armour Shop.
  6321 | D:7      | Noticed Duvessa
  6340 | D:7      | Killed Duvessa
  6352 | D:7      | Got a scorched dagger
  6353 | D:7      | Identified the cursed +0 dagger of Ytabra {flame, rC++ Int+2} (You found it on level 7 of the Dungeon)
  6593 | D:7      | Noticed Dowan
  6600 | D:7      | Killed Dowan
  6899 | D:8      | Reached skill level 10 in Long Blades
  7013 | D:8      | Found a shadowy altar of Dithmenos.
  7013 | D:8      | Found a bloodstained altar of Trog.
  7013 | D:8      | Found a snail-covered altar of Cheibriados.
  7034 | D:8      | Noticed Prince Ribbit
  7040 | D:8      | Killed Prince Ribbit
  7041 | D:8      | Noticed Grum
  7047 | D:8      | Reached XP level 10. HP: 56/70 MP: 10/10
  7059 | D:8      | Killed Grum
  7524 | D:9      | Found Noal's Armour Emporium.
  7543 | D:9      | Found an iron altar of Okawaru.
  7761 | D:9      | Bought a +1 pair of gloves for 149 gold pieces
  7777 | D:9      | Became a worshipper of Warmaster Okawaru
  7777 | D:9      | Reached * piety under Okawaru
  7777 | D:9      | Reached ** piety under Okawaru
  7820 | D:9      | Found Dyfey's Assorted Antiques.
  7971 | D:9      | Found Voil's Jewellery Boutique.
  7994 | D:9      | Found Ligyrhaisk's Gadget Shoppe.
  8093 | D:9      | Bought a scroll labeled FIVVUO FONID for 27 gold pieces
  8093 | D:9      | Bought a glowing jade ring for 135 gold pieces
  8093 | D:9      | Bought a scroll labeled NYOSIBL BAOW for 27 gold pieces
  8224 | D:9      | Found Hefaag's General Store.
  8227 | D:9      | Bought a scroll of teleportation for 36 gold pieces
  8234 | D:9      | Found a white marble altar of Elyvilon.
  8312 | D:9      | Reached skill level 1 in Shields
  8387 | D:9      | Found a basalt altar of Yredelemnul.
  8541 | D:10     | Entered Level 10 of the Dungeon
  8554 | D:10     | Noticed a hill giant
  8571 | D:10     | Killed a hill giant
  8659 | D:10     | Reached *** piety under Okawaru
  8659 | D:10     | Reached skill level 2 in Shields
  8752 | D:10     | Noticed a hill giant
  8761 | D:10     | Killed a hill giant
  8768 | D:10     | Found a staircase to the Orcish Mines.
  8859 | D:10     | Reached XP level 11. HP: 78/78 MP: 11/11
  8877 | D:10     | Reached **** piety under Okawaru
  8931 | D:10     | Reached skill level 3 in Shields
  9282 | D:10     | Reached skill level 5 in Fighting
  9569 | D:11     | Found a flagged portal.
  9574 | Bailey   | Entered a bailey
  9668 | Bailey   | Noticed Duffy's ghost (journeyman DECj)
  9684 | Bailey   | Killed Duffy's ghost
  9692 | Bailey   | Noticed an orc knight
  9864 | Bailey   | Killed an orc knight
  9864 | Bailey   | Reached skill level 4 in Shields
  9951 | Bailey   | Noticed an orc knight
  9959 | Bailey   | Noticed an orc knight
  9959 | Bailey   | Noticed an orc knight
 10006 | Bailey   | Killed an orc knight
 10024 | Bailey   | Killed an orc knight
 10086 | Bailey   | Noticed an orc knight
 10115 | Bailey   | Killed an orc knight
 10115 | Bailey   | Reached skill level 5 in Shields
 10340 | D:11     | Reached ***** piety under Okawaru
 10428 | D:11     | Reached skill level 5 in Dodging
 10555 | D:11     | Found a staircase to the Lair.
 10650 | D:11     | Killed an unseen horror
 10790 | D:11     | Noticed a skeletal warrior
 10795 | D:12     | Noticed a deep elf mage
 10811 | D:12     | Found a labyrinth entrance.
 10816 | Lab      | Entered a labyrinth
 10997 | Lab      | Noticed a minotaur
 11003 | Lab      | Killed a minotaur
 11003 | Lab      | Received a gift from Okawaru
 11003 | Lab      | Reached skill level 6 in Shields
 11010 | Lab      | Got a crude tin amulet
 11032 | D:12     | Killed a deep elf mage
 11032 | D:12     | Reached XP level 12. HP: 89/89 MP: 12/12
 11174 | D:12     | Noticed Snorg
 11183 | D:12     | Killed Snorg
 11295 | D:12     | Noticed Nessos
 11307 | D:12     | Noticed Duffy's ghost (journeyman VSFi)
 11878 | D:13     | Reached skill level 7 in Shields
 11902 | D:12     | Noticed Psyche
 11921 | D:12     | Killed Psyche
 11921 | D:12     | Received a gift from Okawaru
 12052 | D:11     | Reached ****** piety under Okawaru
 12077 | D:11     | Received a gift from Okawaru
 12284 | D:11     | Identified the amulet of Lugonu's Generosity {Reflect Str+3 SH+3} (You found it in a labyrinth)
 12503 | Lair:1   | Entered Level 1 of the Lair of Beasts
 12503 | Lair:1   | Noticed a seven-headed hydra
 12520 | Lair:1   | Killed a seven-headed hydra
 13231 | Lair:2   | Reached skill level 8 in Shields
 13345 | Lair:2   | Received a gift from Okawaru
 13766 | Lair:2   | You fall through a shaft!
 14314 | Lair:3   | Gained mutation: You are in touch with the powers of death. [Mummy growth]
 14314 | Lair:3   | Gained mutation: You can restore your body by infusing magical energy. [Mummy growth]
 14314 | Lair:3   | Reached XP level 13. HP: 100/100 MP: 13/13
 15102 | Lair:4   | Received a gift from Okawaru
 15197 | Lair:4   | Reached skill level 9 in Shields
 15288 | Lair:4   | Found a dark tunnel.
 15297 | Volcano  | Entered a volcano
 16501 | Lair:5   | Reached skill level 5 in Armour
 16538 | Lair:5   | Reached skill level 10 in Fighting
 17025 | Lair:5   | Reached skill level 10 in Shields
 17091 | Lair:5   | Found a hole to the Spider Nest.
 17774 | Lair:6   | Found a shimmering altar of Xom.
 17925 | Lair:6   | Reached XP level 14. HP: 111/111 MP: 14/14
 18085 | Lair:6   | Found a staircase to the Shoals.
 18288 | Lair:7   | Received a gift from Okawaru
 18309 | Lair:7   | Learned a level 2 spell: Blink
 18312 | Lair:7   | Learned a level 2 spell: Repel Missiles
 18467 | Lair:8   | Entered Level 8 of the Lair of Beasts
 18585 | Lair:8   | Found a frozen archway.
 18792 | IceCv    | Entered an ice cave
 18808 | IceCv    | Reached skill level 11 in Shields
 19095 | IceCv    | Received a gift from Okawaru
 19096 | IceCv    | Got a steaming shield {god gift}
 19097 | IceCv    | Identified the +0 shield "Qonnodgh" {-Tele rN+ Int+8} (Okawaru gifted it to you in an ice cave)
 20189 | Lair:8   | Paralysed by a wizard for 3 turns
 20332 | Lair:8   | Reached skill level 12 in Shields
 20355 | Lair:8   | Found a burning altar of Makhleb.
 20397 | Lair:8   | Received a gift from Okawaru
 20397 | Lair:8   | Reached XP level 15. HP: 96/120 MP: 12/15
 20480 | Lair:8   | Found a gateway to Hell.
 20730 | Lair:8   | Noticed Maud
 20829 | Lair:8   | Killed Maud
 20879 | Lair:8   | Found a staircase to the Slime Pits.
 21283 | Orc:1    | Entered Level 1 of the Orcish Mines
 21518 | Orc:2    | Entered Level 2 of the Orcish Mines
 21845 | Orc:2    | Found Wexta's Distillery.
 21845 | Orc:2    | Found Jyll's Assorted Antiques.
 21873 | Orc:2    | Found Buwkey Hoyp's Antique Armour Emporium.
 21972 | Orc:2    | Found Big Lant's Antique Weapon Boutique.
 22386 | Orc:2    | Found a staircase to the Elven Halls.
 22396 | Orc:2    | Noticed an orc warlord
 22416 | Orc:2    | Killed an orc warlord
 22692 | D:12     | Killed Nessos
 23233 | D:13     | Reached skill level 13 in Shields
 23325 | D:13     | Received a gift from Okawaru
 23328 | D:13     | Got a pair of ichor-stained gloves {god gift}
 23329 | D:13     | Identified the +0 pair of gloves "Segoes" {rElec rPois Int-2} (Okawaru gifted it to you on level 13 of the Dungeon)
 24045 | D:14     | Found Humpiruy's Jewellery Shoppe.
 24054 | D:14     | Bought a ring of the Octopus King {rF+ AC+1 EV+1 Str+1 Int+1 Dex+1} for 700 gold pieces
 24202 | D:14     | Found a sacrificial altar of Ru.
 24479 | Spider:1 | Entered Level 1 of the Spider Nest
 24996 | Spider:1 | Reached skill level 10 in Dodging
 25017 | Spider:1 | Reached XP level 16. HP: 92/131 MP: 16/16
 25126 | Spider:1 | Noticed Kidiri's ghost (journeyman HEFE)
 25145 | Spider:1 | Killed Kidiri's ghost
 26310 | Spider:2 | Got a scorched plate armour
 26311 | Spider:2 | Identified the +4 plate armour of the Shining One's Whim {rC+ Str-4 Int+5 Dex-4} (You found it on level 2 of the Spider Nest)
 26349 | Spider:2 | Reached skill level 14 in Shields
 26491 | Spider:2 | Received a gift from Okawaru
 26925 | Spider:3 | Blown up by an orb spider

Vault maps used:
D:1:      dpeg_arrival_round_b
D:2:      uniq_robin
D:3:      corexii_hall_statues_i, uniq_crazy_yiuf_cottage
D:4:      overflow_temple_1_default, first_bread, serial_shops, shop, shop,
          nicolae_shop_waterfront, shop
D:5:      minmay_temple_entry_junction
D:6:      kennysheep_little_box, minivault_5
D:7:      serial_shops, shop, uniq_duvessa, uniq_menkaure
D:8:      gammafunk_temple_overflow_claw, uniq_prince_ribbit1, uniq_grum
D:9:      okawaru_gym_becter, elyvilon_altar_1, lemuel_zombie_altar_yredelemnul,
          serial_shops, nicolae_shop_window_shopping,
          nicolae_shop_temple_entry_statues_fountains, shop_fountains,
          kennysheep_mini_moat, kennysheep_mini
D:10:     david_orc_3
D:11:     dpeg_lair_monsters, enter_bailey_1, hangedman_fish_farm,
          nicolae_lava_and_water, st_stairs_4
D:12:     lab_entry_generic, hangedman_incinerator, uniq_psyche, uniq_nessos,
          uniq_snorg
D:13:     kennysheep_generic_room_7
D:14:     grunt_vaults_entry_fortified, serial_shops, shop,
          nicolae_ru_awakened_eye
Temple:   circular_temple_12
Lair:1:   lemuel_fruit_fields, lemuel_fruit_fields
Lair:3:   lemuel_fruit_tree
Lair:4:   nicolae_volcano_entry_hallway, minivault_29
Lair:5:   nicolae_spider_entry_tight_spaces, grunt_forest_large_clearings
Lair:6:   beast_lair_carwin_large_3, minmay_shoals_entry_hut, basic_altar,
          bobbens_dragon_lair_wall
Lair:8:   evil_forest, minmay_slime_entry_pillars,
          portal_ice_cave_entry_animals_and_master, minivault_23, st_stairs_13,
          fungi_pond_lemuel, roderic_batcave, uniq_maud
Spider:3: uniq_kirke
Orc:1:    serial_shops
Orc:2:    st_orc_rangers
Lab:      nicolae_lab_diamond, labyrinth_skeletal_remains
Bailey:   bailey_polearm_5, bailey
IceCv:    ice_cave_small_giant
Volcano:  volcano_tomb

Skill      XL: |  1  2  3  4  5  6  7  8  9 10 11 12 13 14 15 16 |
---------------+-------------------------------------------------+-----
Short Blades   | 1 2 4 5 |  5.1
Armour         | 1 2 3 4 5 6 7 |  7.3
Long Blades    | 4 7 10 11 | 11.5
Shields        | 2 6 8 10 12 13 14 | 14.2
Dodging        | 3 5 7 8 9 10 | 10.4
Fighting       | 4 6 8 10 12 13 | 13.5
Stealth        | |  1.5
Unarmed Combat | |  3.3

Action                   |  1- 3 |  4- 6 |  7- 9 | 10-12 | 13-15 | 16-18 || total
-------------------------+-------+-------+-------+-------+-------+-------++-------
Melee: Dagger            |   114 |   273 |    53 |    17 |     9 |       ||   466
       Unarmed           |    10 |       |       |       |       |       ||    10
       Punch             |     2 |       |       |       |       |       ||     2
       Katana            |       |       |   243 |   718 |  1698 |   203 ||  2862
       Scimitar          |       |       |       |       |    36 |       ||    36
       Demon blade       |       |       |       |       |       |   115 ||   115
Throw: Javelin           |       |     2 |       |     2 |       |       ||     4
Invok: Heroism           |       |       |       |    16 |     5 |       ||    21
       Finesse           |       |       |       |       |     1 |       ||     1
Evoke: Wand              |       |       |     3 |     7 |     2 |       ||    12
  Use: Scroll            |     3 |     6 |     7 |    33 |    18 |     6 ||    73
 Stab: Sleeping          |     1 |     2 |       |     1 |     4 |     1 ||     9
       Distracted        |       |       |       |       |     1 |     1 ||     2
Armor: Ring mail         |    41 |    92 |   124 |    27 |       |       ||   284
       Troll leather arm |       |       |       |    86 |    33 |       ||   119
       Fire dragon armou |       |       |       |    64 |   338 |   176 ||   578
Dodge: Dodged            |    71 |   113 |    74 |   288 |   640 |   296 ||  1482
Block: Shield            |       |    33 |    80 |   292 |  1059 |   334 ||  1798
       Reflection        |       |       |       |       |    62 |       ||    62
